 Dungeon Sprint DCSS version 0.27.1-2-g3b301248ec (webtiles) character file.

Game seed: 7092382216502428986

7044 Rickety the Severer (level 11, -2/112 HPs)
             Began as a Hill Orc Monk on Sept 24, 2021.
             Was the Champion of Qazlal.
             Splashed by Masaigi the pandemonium lord's acid (8 damage)
             ... in the Dungeon (Sprint V: "Ziggurat Sprint").
             The game lasted 00:05:16 (479 turns).

Rickety the Severer (Hill Orc Monk)                  Turns: 479, Time: 00:05:17

Health: -2/112     AC: 21    Str: 18    XL:     11   Next: 9%
Magic:  18/18      EV: -1    Int: 10    God:    Qazlal [******]
Gold:   0          SH: 37    Dex: 13    Spells: 10/10 levels left

rFire    + . .     SeeInvis +   D - +14 obsidian axe {vorpal, Drain Fly SInv}
rCold    + + .     Faith    .   E - +18 shield of the Gong {rElec rN+ Will+ EV-5}
rNeg     + . .     Spirit   .   F - +5 gold dragon scales
rPois    +         Reflect  .   (no helmet)
rElec    +         Harm     .   (no cloak)
rCorr    .         Rampage  .   (no gloves)
Will     +....     NoTele   +   (no boots)
Stlth    ..........             I - amulet of regeneration
HPRegen  1.28/turn              (no ring)
MPRegen  0.16/turn              (no ring)

@: protected from cold, flying, mesmerised, silenced, repel missiles
A: no striking features
a: Renounce Religion


You were in the Dungeon.
You worshipped Qazlal.
Qazlal was exalted by your worship.
You visited 1 branch

Inventory:

Hand Weapons
 a - a +0 hand axe
 D - the +14 obsidian axe (weapon) {vorpal, Drain Fly SInv}
   (You found it in the Dungeon)

   It inflicts extra damage upon your enemies.
   It occasionally summons demons to assist the wielder when it strikes in
   combat.
   Its wielder is mesmerised by any visible foes.
   It cannot be unequipped while any foes are visible.
   SInv:      It lets you see invisible.
   Fly:       It grants you flight.
   Drain:     It drains your maximum health when unequipped.
Armour
 b - a +0 robe
 E - the +18 shield of the Gong (worn) {rElec rN+ Will+ EV-5}
   (You found it in the Dungeon)

   It is deafeningly noisy when blocking attacks.
   EV:        It affects your evasion (-5).
   rElec:     It insulates you from electricity.
   rN:        It protects you from negative energy.
   Will:      It increases your willpower.
 F - +5 gold dragon scales (worn)
Jewellery
 s - a ring of flight
 t - a +6 ring of dexterity
 u - a +6 ring of dexterity
 v - a +6 ring of intelligence
 w - a +6 ring of intelligence
 x - a +6 ring of strength
 y - a +6 ring of strength
 I - an amulet of regeneration (around neck)
 J - the ring of Tudivonn {rPois SInv}
   (You found it in the Dungeon)

   [ring of poison resistance]

   rPois:     It protects you from poison.
   SInv:      It lets you see invisible.
Wands
 z - a wand of mindburst (7)
 A - a wand of iceblast (7)
 B - a wand of acid (7)
Scrolls
 h - 4 scrolls of blinking
 n - 4 scrolls of amnesia
 o - 7 scrolls of fog
 p - a scroll of holy word
 q - 5 scrolls of identify
 r - 2 scrolls of fear
Potions
 c - 10 potions of curing
 d - 10 potions of heal wounds
 e - 6 potions of haste
 f - 7 potions of magic
 g - 3 potions of berserk rage
 i - 2 potions of brilliance
 j - 2 potions of invisibility
 k - 4 potions of resistance
 m - 5 potions of might
Miscellaneous
 l - a tin of tremorstones (2/2)
 C - a lightning rod (1/4)
 G - a condenser vane (inert)
 H - a lightning rod (1/4)


   Skills:
 * Level 15.0 Fighting
 + Level 1.2(1.4) Short Blades
 + Level 1.1(1.4) Long Blades
 * Level 16.5(16.7) Axes
 + Level 2.3(9.9) Maces & Flails
 + Level 1.8(9.7) Polearms
 + Level 0.8(1.9) Staves
 + Level 0.8(1.1) Slings
 + Level 0.8 Bows
 + Level 0.8 Crossbows
 + Level 0.8(1.1) Throwing
 * Level 8.1 Armour
 + Level 8.4 Dodging
 - Level 2.8 Stealth
 * Level 7.9 Shields
 + Level 1.1 Unarmed Combat
 + Level 1.0 Conjurations
 + Level 2.1 Hexes
 + Level 1.0 Summonings
 + Level 1.0 Necromancy
 + Level 0.7 Translocations
 + Level 0.6 Transmutations
 + Level 1.1 Fire Magic
 + Level 0.8 Ice Magic
 + Level 0.7 Air Magic
 + Level 1.0 Earth Magic
 + Level 0.8 Poison Magic
 * Level 10.2 Invocations
 * Level 7.6 Evocations


You had 10 spell levels left.
You didn't know any spells.
Your spell library contained the following spells:

 Spells                   Type           Power      Damage    Failure   Level
 Dazzling Flash           Conj/Hex       6%         N/A       100%        3
 Iskenderun's Mystic Bla  Conj/Tloc      1%         2d3       100%        4
 Starburst                Conj/Fire      1%         6d3       100%        6


Dungeon Overview and Level Annotations

Branches:
Dungeon (1/1)

Altars:
Ashenzari
Cheibriados
Dithmenos
Elyvilon
Fedhas
Gozag
Hepliaklqana
Kikubaaqudgha
Makhleb
Nemelex Xobeh
Okawaru
Qazlal
Ru
Sif Muna
Trog
Uskayaw
Vehumet
Wu Jian
Xom
Yredelemnul
Zin
The Shining One
Beogh
Jiyva
Lugonu

Annotations:
D 1 transporter


Message History

Masaigi is heavily wounded.
Masaigi hits you but does no damage. You block the orange demon's attack.
You slash Masaigi!
Masaigi is heavily wounded.
You block Masaigi's attack. You block the orange demon's attack.
You closely miss Masaigi.
Masaigi is heavily wounded.
You block Masaigi's attack.
The orange demon stings you but does no damage.
You block Masaigi's attack.
Your shield and gold dragon scales prevent you from hitting Masaigi.
Masaigi is heavily wounded.
You block Masaigi's attack.
The orange demon stings you but does no damage.
You hit Masaigi but do no damage.
Masaigi is heavily wounded.
You block Masaigi's attack. You block the orange demon's attack.
You hit Masaigi but do no damage. You open a gate to Pandemonium!
A demon appears!
Masaigi is heavily wounded.
Masaigi hits you!!
You feel protected from physical attacks.
Masaigi freezes you.
The orange demon is struck by lightning.
You kill the orange demon!
Qazlal accepts your kill.
Your lightning rod (1/4) has regained one charge.
Your Fighting skill increases to level 15!
Okay, then.
You hit Masaigi but do no damage.
Masaigi is heavily wounded.
Masaigi hits you!!
Your resistance to physical damage fades away.
You feel protected from cold. Masaigi freezes you. Masaigi gestures at you.
The bolt of acid hits you!!!
* * * LOW HITPOINT WARNING * * *
You are splashed with acid!
You die...

▓▓▓▓▓▓▓▓▓▓▓▓▓▓▓▓▓▓▓
▓..8©8..▓ ▓..}[[..▓
▓..:|:..▓ ▓.......▓
▓.......▓ ▓...☼§°.▓
▓.☼.&...▓ ▓.▓☼@.▓.▓
▓...°3..▓ ▓▓▓▓▓▓▓▓▓


You could see Masaigi (mesmerising, silencing, ally target) and a friendly soul
eater (summoned).

Vanquished Creatures
  A vault warden (D)
  An ironbound preserver (D)
  A red draconian (D)
  2 deep elf zephyrmancers (D)
  A deep elf pyromancer (D)
  3 draconians (D)
  An orange demon (D)
  A yak (D)
  A chaos spawn (D)
  A wolf (D)
  A crimson imp (D)
  A quasit (D)
  2 iron imps (D)
  2 shadow imps (D)
19 creatures vanquished.

Vanquished Creatures (collateral kills)
  An ironbound thunderhulk (D)
  A raiju (shapeshifter) (D)
  An iron imp (D)
  A shadow imp (D)
4 creatures vanquished.

Grand Total: 23 creatures vanquished

Notes
Turn   | Place    | Note
-------+----------+-------------------------------------------
     0 | D        | Rickety the Hill Orc Monk began the quest for the Orb.
     0 | D        | Reached XP level 1. HP: 19/19 MP: 1/1
     0 | D        | Found a shimmering blue altar of Sif Muna.
     0 | D        | Found a sacrificial altar of Ru.
     0 | D        | Found a bloodstained altar of Trog.
     0 | D        | Found a stormy altar of Qazlal.
     0 | D        | Found an iron altar of Okawaru.
     0 | D        | Found a sparkling altar of Nemelex Xobeh.
     0 | D        | Found a blossoming altar of Fedhas.
     0 | D        | Found the +6 Majin-Bo {vamp, MP+6 Int+6}
     0 | D        | Found the +9 heavy crossbow "Sniper" {vorpal, Acc+∞ SInv}
     0 | D        | Found the +10 dark maul {vorpal}
     0 | D        | Found the +15 Maxwell's patent armour {-Cast -Tele rElec
                  | Will+ rCorr}
     0 | D        | Found the +18 shield of the Gong {rElec rN+ Will+ EV-5}
     0 | D        | Found the +14 obsidian axe {vorpal, Drain Fly SInv}
     0 | D        | Found the +7 great mace "Firestarter" {inner flame, rF++}
     0 | D        | Found the +6 shillelagh "Devastator" {shatter}
     0 | D        | Found the +11 plutonium sword {Contam Stlth-}
     0 | D        | Found the +8 lance "Wyrmbane" {slay drac, rPois rF+ rC+
                  | AC+3}
     0 | D        | Found the +9 sword of Zonguldrok {reap}
     0 | D        | Found the +13 scythe of Curses {drain, Drain}
     0 | D        | Found the +5 sword of Power {vorpal}
     0 | D        | Found the +7 mace of Variability {chain chaos}
     0 | D        | Found the +7 Singing Sword {vorpal, sonic wave}
     0 | D        | Found the +8 storm bow {elec, penet}
     2 | D        | Found a transporter.
     2 | D        | Found an ancient bone altar of Kikubaaqudgha.
     2 | D        | Found a viscous altar of Jiyva.
     2 | D        | Found a corrupted altar of Lugonu.
     2 | D        | Found a hazy altar of Hepliaklqana.
     2 | D        | Found a burning altar of Makhleb.
     2 | D        | Found an opulent altar of Gozag.
    19 | D        | Became a worshipper of Qazlal Stormbringer
    19 | D        | Reached * piety under Qazlal
    19 | D        | Reached ** piety under Qazlal
    59 | D        | Entered arena 2.
    59 | D        | Noticed a wolf
    59 | D        | Noticed a yak
    59 | D        | Found a transporter.
    62 | D        | Killed a wolf
    63 | D        | Reached skill level 7 in Axes
    63 | D        | Reached skill level 1 in Evocations
    63 | D        | Reached XP level 2. HP: 31/31 MP: 2/2
    63 | D        | Reached XP level 3. HP: 38/38 MP: 3/3
    63 | D        | Reached XP level 4. HP: 45/45 MP: 4/4
    63 | D        | Killed a yak
    64 | D        | Reached skill level 9 in Axes
    64 | D        | Reached skill level 1 in Shields
    64 | D        | Reached XP level 5. HP: 56/56 MP: 5/5
    64 | D        | Reached XP level 6. HP: 62/62 MP: 6/6
    73 | D        | Entered arena 3.
    73 | D        | Noticed a vault warden
    73 | D        | Noticed an ironbound thunderhulk
    73 | D        | Noticed an ironbound preserver
    73 | D        | Found a transporter.
    74 | D        | Reached skill level 1 in Short Blades
    74 | D        | Reached skill level 1 in Long Blades
    74 | D        | Reached skill level 10 in Axes
    74 | D        | Reached skill level 1 in Polearms
    74 | D        | Reached skill level 1 in Unarmed Combat
    74 | D        | Reached skill level 1 in Conjurations
    74 | D        | Reached skill level 1 in Summonings
    74 | D        | Reached skill level 1 in Necromancy
    74 | D        | Reached skill level 1 in Fire Magic
    74 | D        | Reached skill level 1 in Earth Magic
    74 | D        | Reached XP level 7. HP: 70/70 MP: 6/10
    78 | D        | Killed an ironbound preserver
    79 | D        | Reached skill level 12 in Axes
    79 | D        | Reached XP level 8. HP: 71/82 MP: 6/12
    81 | D        | Killed a vault warden
    81 | D        | Reached *** piety under Qazlal
    82 | D        | Reached skill level 13 in Axes
    82 | D        | Reached skill level 5 in Armour
    82 | D        | Reached skill level 5 in Shields
    82 | D        | Reached skill level 5 in Evocations
    82 | D        | Reached XP level 9. HP: 73/92 MP: 7/14
    82 | D        | Killed an ironbound thunderhulk
    83 | D        | Reached skill level 14 in Axes
   176 | D        | Entered arena 4.
   176 | D        | Noticed a deep elf zephyrmancer
   176 | D        | Noticed a deep elf zephyrmancer
   176 | D        | Noticed a deep elf pyromancer
   176 | D        | Found a transporter.
   179 | D        | Killed a deep elf zephyrmancer
   179 | D        | Killed a deep elf pyromancer
   180 | D        | Reached XP level 10. HP: 57/102 MP: 16/16
   181 | D        | Killed a deep elf zephyrmancer
   181 | D        | Reached **** piety under Qazlal
   182 | D        | Reached skill level 15 in Axes
   369 | D        | Entered arena 5.
   369 | D        | Noticed a draconian
   369 | D        | Noticed a red draconian
   369 | D        | Noticed a draconian
   369 | D        | Noticed a draconian
   369 | D        | Found a transporter.
   375 | D        | Killed a draconian
   379 | D        | Killed a draconian
   383 | D        | Noticed a soul eater
   385 | D        | Killed a red draconian
   386 | D        | Reached skill level 16 in Axes
   391 | D        | Killed a draconian
   391 | D        | Reached ***** piety under Qazlal
   392 | D        | Reached XP level 11. HP: 111/111 MP: 18/18
   404 | D        | Got the ring of Tudivonn {rPois SInv}
   408 | D        | Entered arena 6.
   408 | D        | Found a transporter.
   412 | D        | Reached skill level 10 in Invocations
   463 | D        | Entered arena 7.
   463 | D        | Noticed Masaigi the pandemonium lord
   464 | D        | Found a transporter.
   467 | D        | Reached ****** piety under Qazlal
   479 | D        | Reached skill level 15 in Fighting
   479 | D        | Splashed by Masaigi the pandemonium lord's acid

Illustrated notes

Levels and vault maps discovered:
D:        sprint_v [room_start, room_1, room_2, room_3, room_4, room_5, room_6,
          room_7, room_8, room_9, room_10, room_11, room_12, room_13, room_14,
          room_15, room_16, room_17, room_18, room_19, room_20, room_21,
          room_22, room_23, room_24, room_25, room_26, room_27]

Skill      XL: |  1  2  3  4  5  6  7  8  9 10 11 |
---------------+----------------------------------+-----
Fighting       | 6 8 9 11 12 13 14 15 | 15.0
Axes           | 7 9 10 12 13 14 16 | 16.5
Dodging        | 4 6 7 8 |  8.4
Stealth        | 2 |  2.8
Evocations     | 1 2 4 5 6 7 |  7.6
Shields        | 1 2 4 5 6 7 |  7.9
Short Blades   | 1 |  1.2
Long Blades    | 1 |  1.1
Maces & Flails | 2 |  2.3
Polearms       | 1 |  1.8
Armour         | 2 4 5 6 7 8 |  8.1
Unarmed Combat | 1 |  1.1
Conjurations   | 1 |  1.0
Hexes          | 2 |  2.1
Summonings     | 1 |  1.0
Necromancy     | 1 |  1.0
Fire Magic     | 1 |  1.1
Earth Magic    | 1 |  1.0
Invocations    | 4 6 7 8 9 10 | 10.2
Staves         | |  0.8
Slings         | |  0.8
Bows           | |  0.8
Crossbows      | |  0.8
Throwing       | |  0.8
Translocations | |  0.7
Transmutations | |  0.6
Ice Magic      | |  0.8
Air Magic      | |  0.7
Poison Magic   | |  0.8

Action                   |  1- 3 |  4- 6 |  7- 9 | 10-12 || total
-------------------------+-------+-------+-------+-------++-------
Melee: Broad axe         |       |       |     5 |    27 ||    32
Evoke: Lightning rod     |     3 |     1 |       |     4 ||     8
       Condenser vane    |       |       |     3 |     2 ||     5
  Use: Potion            |       |     1 |       |       ||     1
 Stab: Confused          |       |       |       |     3 ||     3
Armor: Gold dragon scale |     2 |       |     1 |     4 ||     7
Block: Kite shield       |     4 |       |     8 |    31 ||    43
